[Event "Titled Tuesday Blitz April 18 Early 2023"]
[White "Barria Santos, Jose Guilherme"]
[Black "Kopczynski, Michal"]
[WhiteFideId "1939300"]
[BlackFideId "1124200"]
[WhiteElo "2266"]
[BlackElo "2212"]
[Result "0-1"]
[Round "04"]
[TimeControl "180+2"]
[Date "2023.04.18"]
[WhiteClock "0:00:41"]
[BlackClock "0:01:59"]

1. e4 b6 2. d4 Bb7 3. Nc3 e6 4. Bd3 Nf6 5. Nge2 d5 6. e5 Nfd7 7. O-O c5 8. Be3 Nc6 9. dxc5 bxc5 10. f4 c4 11. f5 cxd3 12. Qxd3 Bc5 13. fxe6 fxe6 14. Nb5 Ncxe5 15. Qb3 Qb6 16. Ned4 a6 17. Nxe6 Bxe3+ 18. Kh1 axb5 19. Nxg7+ Kd8 20. Rae1 d4 21. Ne6+ Ke7 22. c3 Rhg8 0-1


[Site "https://www.chess.com"]

[Event "Titled Tuesday Blitz April 18 Early 2023"]
[White "Davidson, Kevin"]
[Black "ryutherunner"]
[WhiteFideId "2056810"]
[WhiteElo "2151"]
[BlackElo "2122"]
[Result "1-0"]
[Round "04"]
[TimeControl "180+2"]
[Date "2023.04.18"]
[WhiteClock "0:01:11"]
[BlackClock "0:00:55"]

1. e4 c5 2. Nf3 d6 3. d4 cxd4 4. Nxd4 Nf6 5. Nc3 a6 6. h3 e6 7. g4 h6 8. Bg2 Be7 9. Be3 Qc7 10. O-O Nc6 11. Qe2 O-O 12. Rad1 Rd8 13. a4 Na5 14. f4 Nc4 15. Bc1 d5 16. exd5 Nxd5 17. Nxd5 exd5 18. b3 Nb6 19. a5 Bc5 20. axb6 Qxb6 21. Qd3 Bd7 22. Kh1 Bc6 23. Bb2 Re8 24. Rfe1 Qb4 25. Qc3 Rxe1+ 26. Rxe1 Qxc3 27. Bxc3 Bxd4 28. Bxd4 Rc8 29. c3 f6 30. f5 Kf7 31. b4 Rd8 32. Kh2 Rd7 33. Kg3 Bb5 34. Kf4 Bc4 35. Re6 g5+ 36. Ke3 Bb3 37. Rxf6+ 1-0


[Site "https://www.chess.com"]

[Event "Titled Tuesday Blitz April 18 Early 2023"]
[White "Osuna Vega, Enrique"]
[Black "Tarasova, Viktoriya"]
[WhiteFideId "2219549"]
[BlackFideId "4175840"]
[WhiteElo "2116"]
[BlackElo "2182"]
[Result "1-0"]
[Round "04"]
[TimeControl "180+2"]
[Date "2023.04.18"]
[WhiteClock "0:00:05"]
[BlackClock "0:00:14"]

1. e4 e5 2. Nf3 Nc6 3. Bb5 a6 4. Ba4 Nf6 5. d3 b5 6. Bb3 Bc5 7. c3 h6 8. Nbd2 d6 9. h3 Be6 10. Nf1 O-O 11. g4 d5 12. Qe2 dxe4 13. dxe4 Bxb3 14. axb3 b4 15. Ng3 a5 16. Nf5 Nh7 17. h4 Qd7 18. g5 h5 19. Nd2 g6 20. Nh6+ Kh8 21. Nc4 Rfd8 22. Ne3 Kg7 23. Nd5 Ne7 24. c4 Ng8 25. Qf3 c6 26. Nf6 Ngxf6 27. gxf6+ Kf8 28. Rg1 Qe6 29. Be3 Bxe3 30. Qxe3 Qxf6 31. Ke2 Qe7 32. Rg3 Nf6 33. Rf3 Rd4 34. Nf5 gxf5 35. Qh6+ Ke8 36. Qh8+ Kd7 37. Qxa8 Rxe4+ 38. Kf1 Rxh4 39. Rd1+ Kc7 40. Qa7+ 1-0


[Site "https://www.chess.com"]

[Event "Titled Tuesday Blitz April 18 Early 2023"]
[White "Fabris, Alberto"]
[Black "Gonzalez Zamora, Juan Carlos"]
[WhiteFideId "801348"]
[BlackFideId "3507548"]
[WhiteElo "2115"]
[BlackElo "2535"]
[Result "0-1"]
[Round "04"]
[TimeControl "180+2"]
[Date "2023.04.18"]
[WhiteClock "0:00:01"]
[BlackClock "0:00:09"]

1. e4 d6 2. d4 Nf6 3. Nc3 g6 4. Bc4 Bg7 5. Nf3 O-O 6. O-O Nxe4 7. Bxf7+ Rxf7 8. Nxe4 h6 9. h3 Nc6 10. c3 Bf5 11. Ng3 e5 12. Nxf5 gxf5 13. dxe5 dxe5 14. Qb3 Rb8 15. Be3 Qf6 16. Rad1 f4 17. Bc5 b6 18. Ba3 e4 19. Nd4 f3 20. g3 e3 21. fxe3 f2+ 22. Kh2 Ne5 23. Qe6 c5 24. Qxf6 Rxf6 25. Ne2 Nc4 26. Rd3 Rf3 27. Nf4 Rxe3 28. Rxe3 Nxe3 29. Rxf2 Nc4 30. Ne6 Be5 31. Re2 Re8 32. Nf4 Kf7 33. Kg2 Rd8 34. Kf3 Bxf4 35. Kxf4 Rd3 36. Re4 Nd6 37. Ra4 a5 38. b4 axb4 39. cxb4 c4 40. Ra7+ Ke6 41. Bc1 c3 42. Rc7 Nb5 0-1


[Site "https://www.chess.com"]

[Event "Titled Tuesday Blitz April 18 Early 2023"]
[White "Fuzesabonyilaci"]
[Black "Winkels, Marcel"]
[BlackFideId "1003887"]
[WhiteElo "2317"]
[BlackElo "1900"]
[Result "1-0"]
[Round "04"]
[TimeControl "180+2"]
[Date "2023.04.18"]
[WhiteClock "0:02:09"]
[BlackClock "0:01:55"]

1. e4 c5 2. Nf3 d6 3. d4 cxd4 4. Nxd4 Nf6 5. Nc3 Nc6 6. Bg5 e6 7. Qd2 a6 8. O-O-O h6 9. Bh4 Nxe4 10. Nxe4 Qxh4 11. Qe3 Nxd4 12. Rxd4 d5 13. Nd6+ 1-0


[Site "https://www.chess.com"]

[Event "Titled Tuesday Blitz April 18 Early 2023"]
[White "Ng, Gary"]
[Black "Flis, Pawel"]
[WhiteFideId "2604914"]
[BlackFideId "1112864"]
[WhiteElo "2316"]
[BlackElo "1822"]
[Result "0-1"]
[Round "04"]
[TimeControl "180+2"]
[Date "2023.04.18"]
[WhiteClock "0:00:02"]
[BlackClock "0:00:22"]

1. d4 c5 2. d5 Nf6 3. Nc3 e6 4. e4 d6 5. Bg5 exd5 6. Nxd5 Be7 7. Nxe7 Qxe7 8. f3 Nc6 9. Bc4 Be6 10. Bxe6 Qxe6 11. Ne2 O-O 12. Nf4 Qe5 13. h4 h6 14. Bxf6 Qxf4 15. Be7 Qg3+ 16. Kf1 Rfe8 17. Bxd6 Qg6 18. Bxc5 Rad8 19. Qe2 b6 20. Be3 Nd4 21. Bxd4 Rxd4 22. Rd1 Rxd1+ 23. Qxd1 Qc6 24. Rh3 Qb5+ 25. Kg1 Qxb2 26. Rg3 Qf6 27. Kh2 Qxh4+ 28. Rh3 Qf6 29. Qd7 Rd8 30. Qxa7 Qf4+ 31. Rg3 Rd6 32. Qe7 Rg6 33. Qe8+ Kh7 0-1


[Site "https://www.chess.com"]

[Event "Titled Tuesday Blitz April 18 Early 2023"]
[White "Steenbekkers, Franck"]
[Black "Pesotskiy, Mikhail"]
[WhiteFideId "1004220"]
[BlackFideId "34164453"]
[WhiteElo "2090"]
[BlackElo "2131"]
[Result "0-1"]
[Round "04"]
[TimeControl "180+2"]
[Date "2023.04.18"]
[WhiteClock "0:02:04"]
[BlackClock "0:02:46"]

1. e4 e6 2. d4 d5 3. Nd2 Nf6 4. e5 Nfd7 5. c3 c5 6. Bd3 Nc6 7. Ne2 cxd4 8. cxd4 f6 9. exf6 Qxf6 10. O-O h6 11. Nf3 Bd6 12. Nc3 O-O 13. Re1 Rd8 14. b3 Nf8 15. Bb2 Bd7 16. Rc1 Be8 17. Nb5 Bf4 18. Rc2 Nb4 19. Rc3 Nxa2 20. Rc7 Bxb5 0-1


[Site "https://www.chess.com"]

[Event "Titled Tuesday Blitz April 18 Early 2023"]
[White "Maranhao,Jose Renato Ruiz"]
[Black "ibove"]
[WhiteFideId "2135175"]
[WhiteElo "1970"]
[BlackElo "2314"]
[Result "0-1"]
[Round "04"]
[TimeControl "180+2"]
[Date "2023.04.18"]
[WhiteClock "0:00:01"]
[BlackClock "0:01:42"]

1. e4 c5 2. Nf3 d6 3. d4 cxd4 4. Nxd4 Nf6 5. Nc3 g6 6. Be3 Bg7 7. f3 O-O 8. Qd2 Nc6 9. O-O-O Nxd4 10. Bxd4 Be6 11. Kb1 Qc7 12. g4 Rfc8 13. h4 Qa5 14. Nd5 Qxd2 15. Nxf6+ Bxf6 16. Rxd2 Bxd4 17. Rxd4 Rc5 18. Be2 Rac8 19. c3 b5 20. Rb4 a6 21. a4 bxa4 22. Rxa4 a5 23. Rd1 Bb3 24. Rdd4 Bxa4 25. Rxa4 Rb8 26. Kc2 Kg7 27. Bc4 Kf6 28. f4 e6 29. Bd3 d5 30. e5+ Kg7 31. Ra3 h5 32. g5 d4 33. Ra4 dxc3 34. bxc3 Rbc8 35. Ra3 Rd8 36. Ra4 Rcd5 37. Be4 Rd2+ 38. Kb3 Rh2 39. Rxa5 Rxh4 40. Ra7 Rxf4 0-1


[Site "https://www.chess.com"]

[Event "Titled Tuesday Blitz April 18 Early 2023"]
[White "Osiecki, Stanislaw"]
[Black "Novikova, Galina"]
[WhiteFideId "1102990"]
[BlackFideId "4157095"]
[WhiteElo "2088"]
[BlackElo "1953"]
[Result "0-1"]
[Round "04"]
[TimeControl "180+2"]
[Date "2023.04.18"]
[WhiteClock "0:00:47"]
[BlackClock "0:00:36"]

1. e4 e6 2. d4 d5 3. e5 c5 4. c3 Nc6 5. Nf3 Bd7 6. Bd3 f6 7. O-O Qc7 8. Bf4 O-O-O 9. dxc5 h6 10. Bg3 f5 11. b4 g5 12. h3 f4 13. Bh2 Nxe5 14. Nxe5 Qxe5 15. Re1 Qf6 16. Qe2 Bg7 17. Bb5 Ne7 18. Bxd7+ Kxd7 19. c6+ Nxc6 20. Qb5 Kc8 21. a4 Kb8 22. a5 a6 23. Qe2 Ne5 24. b5 Nc4 25. bxa6 bxa6 26. Qxe6 Qxe6 27. Rxe6 Rhe8 28. Rxe8 Rxe8 29. Kf1 Kc7 30. g3 Be5 31. gxf4 gxf4 32. Ra2 Kc6 33. Re2 Rb8 34. Nd2 Nxd2+ 35. Rxd2 Rb1+ 36. Ke2 f3+ 37. Kxf3 Bxh2 38. Kg4 Be5 39. Re2 Bxc3 40. Re6+ Kc5 41. Rxa6 d4 42. Kf3 Re1 43. Ra8 d3 44. Rc8+ Kb4 45. a6 d2 46. Rb8+ Ka3 47. Rc8 d1=Q+ 0-1


[Site "https://www.chess.com"]

[Event "Titled Tuesday Blitz April 18 Early 2023"]
[White "Rosenberg, Evan S"]
[Black "guillan"]
[WhiteFideId "2019299"]
[WhiteElo "2299"]
[BlackElo "2026"]
[Result "0-1"]
[Round "04"]
[TimeControl "180+2"]
[Date "2023.04.18"]
[WhiteClock "0:00:01"]
[BlackClock "0:00:15"]

1. d4 d5 2. Nf3 c6 3. c3 Nf6 4. Qc2 Nbd7 5. Bg5 e6 6. Nbd2 Be7 7. e4 dxe4 8. Nxe4 Nxe4 9. Bxe7 Qxe7 10. Qxe4 O-O 11. Bd3 g6 12. h4 Re8 13. h5 e5 14. hxg6 hxg6 15. O-O-O exd4 16. Qxd4 Qf6 17. Qb4 Ne5 18. Nxe5 Qxe5 19. Qh4 Be6 20. Qh7+ Kf8 21. Rde1 Qg7 22. Qh4 a5 23. Kb1 a4 24. Qb4+ Kg8 25. Bc4 Bxc4 26. Qxc4 a3 27. b3 Qf6 28. f3 Rad8 29. Rxe8+ Rxe8 30. Rd1 Qf5+ 31. Qd3 Re2 32. Qxf5 gxf5 33. Rd8+ Kg7 34. Ra8 Rb2+ 35. Ka1 Rxg2 36. Rxa3 Rf2 37. Ra7 b5 38. Rc7 Rxf3 39. Rxc6 Rd3 40. Rc5 f4 41. Rxb5 Kf6 42. Rb4 Kf5 0-1


[Site "https://www.chess.com"]

[Event "Titled Tuesday Blitz April 18 Early 2023"]
[White "Seder, Mohammed"]
[Black "Mihajlovskij"]
[WhiteFideId "11505567"]
[WhiteElo "1862"]
[BlackElo "2011"]
[Result "1-0"]
[Round "04"]
[TimeControl "180+2"]
[Date "2023.04.18"]
[WhiteClock "0:01:48"]
[BlackClock "0:01:56"]

1. e4 c5 2. Nf3 Nc6 3. Bb5 g6 4. O-O Bg7 5. c3 Nf6 6. Re1 O-O 7. d4 d5 8. e5 Ne4 9. Nbd2 Bg4 10. Nxe4 dxe4 11. Rxe4 Bxf3 12. Qxf3 cxd4 13. Bxc6 bxc6 14. Rxd4 Qb6 15. Rb4 Qc7 16. Bf4 Bxe5 17. Bxe5 Qxe5 18. Qxc6 Qe2 19. Qe4 Qc2 20. Qxc2 1-0


[Site "https://www.chess.com"]

[Event "Titled Tuesday Blitz April 18 Early 2023"]
[White "AKINSEYE, Akinleye"]
[Black "Tyagi, Kushan"]
[WhiteFideId "8504458"]
[BlackFideId "2040069"]
[WhiteElo "1906"]
[BlackElo "2283"]
[Result "0-1"]
[Round "04"]
[TimeControl "180+2"]
[Date "2023.04.18"]
[WhiteClock "0:00:17"]
[BlackClock "0:00:48"]

1. e4 c5 2. d4 cxd4 3. c3 Nf6 4. e5 Nd5 5. cxd4 e6 6. Nf3 b6 7. Be2 Bb7 8. O-O Be7 9. Nc3 d6 10. Be3 Nd7 11. exd6 Bxd6 12. Nxd5 Bxd5 13. Qd2 O-O 14. a3 Qc7 15. Rac1 Qb7 16. Ne1 Nf6 17. Bf3 Rac8 18. Bxd5 Nxd5 19. Nd3 Qb8 20. h3 Nf6 21. Rxc8 Rxc8 22. Rc1 Bh2+ 23. Kh1 Bd6 24. Kg1 Ne4 25. Qd1 Bh2+ 26. Kh1 Bd6 27. Kg1 h6 28. Kh1 Rxc1 29. Qxc1 Qb7 30. Kg1 Qd5 31. Qc8+ Kh7 32. Qc2 g6 33. f3 Ng3 34. Bf2 Nf5 35. Nc1 Nxd4 36. Bxd4 Qxd4+ 37. Kf1 Bc5 38. Nd3 Qg1+ 39. Ke2 Qxg2+ 40. Kd1 Qxf3+ 41. Kc1 Qh1+ 42. Kd2 Qxh3 43. Nxc5 Qg2+ 44. Kc3 Qxc2+ 45. Kxc2 bxc5 46. Kc3 h5 47. Kc4 h4 48. Kxc5 h3 49. b4 h2 50. b5 h1=Q 0-1


[Site "https://www.chess.com"]

[Event "Titled Tuesday Blitz April 18 Early 2023"]
[White "Nakamura, Hikaru"]
[Black "Bortnyk, Olexandr"]
[WhiteFideId "2016192"]
[BlackFideId "14120828"]
[WhiteElo "2885"]
[BlackElo "2734"]
[Result "1-0"]
[Round "05"]
[TimeControl "180+2"]
[Date "2023.04.18"]
[WhiteClock "0:00:18"]
[BlackClock "0:00:05"]

1. Nf3 Nf6 2. c4 b6 3. d3 Bb7 4. e4 d6 5. g3 c5 6. Bg2 g6 7. O-O Bg7 8. Nc3 O-O 9. Re1 Nc6 10. Be3 e6 11. d4 cxd4 12. Nxd4 Nxd4 13. Bxd4 Qe7 14. b3 Rfd8 15. Qd2 Bc6 16. Nd5 Bxd5 17. exd5 e5 18. f4 Nd7 19. f5 gxf5 20. Bc3 Nc5 21. Rf1 f4 22. gxf4 e4 23. Rae1 f5 24. Re3 Kh8 25. Rg3 Rg8 26. Kh1 Raf8 27. Bh3 Bxc3 28. Qxc3+ Qf6 29. Rxg8+ Kxg8 30. Rg1+ Kf7 31. Qxf6+ Kxf6 32. Rg5 Re8 33. Rxf5+ Kg6 34. Rg5+ Kf6 35. Rf5+ Kg6 36. Bg4 e3 37. Rg5+ Kf6 38. Be2 Ne4 39. Rg1 Nf2+ 40. Kg2 Rg8+ 41. Kf1 Rxg1+ 42. Kxg1 Nh3+ 43. Kg2 Nxf4+ 44. Kf3 Ke5 45. Kxe3 a5 46. Bf3 h6 47. Bg4 Ng2+ 48. Kf3 Ne1+ 49. Ke2 Nc2 50. Kd2 Nb4 51. a3 Na6 52. Ke3 Nc5 53. Bd1 Ne4 54. b4 1-0


[Site "https://www.chess.com"]

[Event "Titled Tuesday Blitz April 18 Early 2023"]
[White "Pranesh M"]
[Black "Caruana, Fabiano"]
[WhiteFideId "35028600"]
[BlackFideId "2020009"]
[WhiteElo "2437"]
[BlackElo "2837"]
[Result "1-0"]
[Round "05"]
[TimeControl "180+2"]
[Date "2023.04.18"]
[WhiteClock "0:00:16"]
[BlackClock "0:00:10"]

1. e4 e5 2. Nf3 Nc6 3. Bc4 Nf6 4. Ng5 d5 5. exd5 Na5 6. Bb5+ c6 7. dxc6 bxc6 8. Bd3 Nd5 9. Nf3 Bd6 10. O-O Nf4 11. Nc3 Nxd3 12. cxd3 O-O 13. Ne4 Re8 14. Qc2 Bf8 15. Re1 Bg4 16. Re3 f5 17. Neg5 h6 18. Nh3 f4 19. Re4 Bxf3 20. gxf3 Qh4 21. Kg2 c5 22. b4 Nc6 23. Bb2 Kh8 24. Rae1 Nxb4 25. Qc4 Red8 26. Bxe5 Nxd3 27. R1e2 Rd7 28. Nxf4 Qg5+ 29. Kh1 Nxf4 30. Bxf4 Qh5 31. Kg2 Rad8 32. Qe6 Be7 33. Re5 Qh4 34. Bg3 Qd4 35. Qg6 Bf8 36. Re8 Qd3 37. Qe6 Qd5 38. Qg6 Qd3 39. Qh5 Rxe8 40. Rxe8 Rd8 41. Bh4 Rxe8 42. Qxe8 Qf5 43. Be7 Kg8 44. h4 g6 45. Bxf8 Qxf8 46. Qxg6+ Kh8 47. d3 a5 48. Kg3 a4 49. f4 a3 50. Kg4 Qc8+ 51. Kh5 Qd7 52. Qxh6+ Kg8 53. Kg5 Qe7+ 54. Qf6 Qe2 55. Qd8+ Kf7 56. Qd7+ Kf8 57. Qc8+ Kf7 58. Qc7+ Ke6 59. Qe5+ Qxe5+ 60. fxe5 Kxe5 61. h5 Kd4 62. h6 Kxd3 63. h7 c4 64. h8=Q c3 65. Qh7+ Kd2 66. Qd7+ Ke2 67. Qe6+ Kd2 68. Qd5+ Ke2 69. Qc4+ Kd2 70. Qd4+ Kc2 71. f4 Kb2 72. Qb4+ Kxa2 73. Qxc3 1-0


[Site "https://www.chess.com"]

[Event "Titled Tuesday Blitz April 18 Early 2023"]
[White "Alekseenko, Kirill"]
[Black "Le, Tuan Minh"]
[WhiteFideId "4135539"]
[BlackFideId "12401153"]
[WhiteElo "2683"]
[BlackElo "2566"]
[Result "0-1"]
[Round "05"]
[TimeControl "180+2"]
[Date "2023.04.18"]
[WhiteClock "0:00:05"]
[BlackClock "0:00:07"]

1. d4 d5 2. Nc3 Nf6 3. Bf4 Bf5 4. e3 a6 5. Bd3 Bg6 6. h4 e6 7. h5 Bxd3 8. cxd3 h6 9. Qb3 b6 10. Nf3 Bd6 11. Qa4+ Qd7 12. Bxd6 cxd6 13. Qxd7+ Nbxd7 14. a4 Ke7 15. Kd2 Rhc8 16. Ng1 Nb8 17. b4 Nc6 18. Rb1 Nb8 19. Nge2 Ra7 20. f3 Rac7 21. b5 a5 22. Rbc1 Nbd7 23. g4 Nh7 24. f4 Kf8 25. Rcg1 Nhf6 26. g5 Ng8 27. g6 f5 28. Rc1 Ngf6 29. Ng3 Ng4 30. Rhe1 Ndf6 31. Rc2 Ke8 32. Rec1 Kd7 33. Nd1 Rxc2+ 34. Rxc2 Rxc2+ 35. Kxc2 Ng8 36. Kd2 Ne7 37. Ke2 e5 38. dxe5 dxe5 39. d4 e4 40. Nc3 Ke6 41. Nd1 Nc8 42. Nb2 Nd6 43. Kd2 Nf6 44. Kc3 Kd7 45. Kd2 Ke7 46. Kc3 Ke6 47. Kd2 Nc4+ 48. Nxc4 dxc4 49. Kc3 Nd5+ 50. Kd2 c3+ 51. Ke2 c2 52. Kd2 Nxe3 53. Ne2 c1=Q+ 54. Nxc1 Nc4+ 55. Kc3 Nd6 56. Ne2 Ne8 57. Kc4 Nf6 58. Ng3 Nd5 59. Ne2 Ne3+ 60. Kc3 Kd5 61. Ng3 Ke6 62. Ne2 Ng4 63. Kc4 Nf6 64. Ng3 Nd5 65. Ne2 Nb4 66. Ng3 Nd3 67. d5+ Kf6 68. d6 Nxf4 69. d7 Ne6 70. Kd5 e3 71. Ne2 f4 72. Ke4 Nc5+ 73. Kxf4 Nxd7 74. Kxe3 Nc5 75. Nc3 Ke5 76. Kf3 Kd4 77. Ne2+ Ke5 78. Nc3 Kd4 79. Ne2+ Kd5 80. Nc3+ Kc4 81. Ne2 Nxa4 82. Nf4 Nc5 83. Ne6 Nxe6 0-1


[Site "https://www.chess.com"]

[Event "Titled Tuesday Blitz April 18 Early 2023"]
[White "Durarbayli, Vasif"]
[Black "Andreikin, Dmitry"]
[WhiteFideId "13402935"]
[BlackFideId "4158814"]
[WhiteElo "2551"]
[BlackElo "2736"]
[Result "1/2-1/2"]
[Round "05"]
[TimeControl "180+2"]
[Date "2023.04.18"]
[WhiteClock "0:00:07"]
[BlackClock "0:00:08"]

1. e4 c5 2. Nf3 e6 3. d4 cxd4 4. Nxd4 Nc6 5. Nc3 Qc7 6. Be3 a6 7. Qf3 Nf6 8. Qg3 Qxg3 9. hxg3 Ng4 10. Nxc6 Nxe3 11. Nd4 Ng4 12. Be2 Bc5 13. Bxg4 Bxd4 14. Rd1 Bxc3+ 15. bxc3 b5 16. c4 Bb7 17. Rd4 Ke7 18. Kd2 Rac8 19. cxb5 axb5 20. Be2 Rc5 21. f4 h6 22. Rb1 Bc6 23. Rdb4 Ra8 24. R1b2 Ra3 25. Bd3 g5 26. R4b3 Ra4 27. Rb4 Ra3 28. R4b3 Ra5 29. Rb4 h5 30. Ke3 h4 31. gxh4 gxh4 32. Kf2 Rc3 33. Kg1 Rca3 34. Bxb5 Bxb5 35. Rxb5 Rxa2 36. Rxa2 Rxa2 37. Rc5 Ra4 38. c4 Ra3 39. Kf2 Rc3 40. e5 f5 41. Rc8 Rg3 42. c5 Rc3 43. Ke2 Rc2+ 44. Kf3 Rc4 45. Ke3 Rc3+ 46. Kf2 h3 47. gxh3 Rxh3 48. c6 dxc6 49. Rc7+ Ke8 50. Rxc6 Kf7 51. Rd6 Ra3 52. Kg2 Rb3 53. Kf2 Rb4 54. Kf3 Rb1 55. Kg3 Rf1 56. Ra6 Rg1+ 57. Kf3 Rb1 58. Rc6 Rb7 59. Kg3 Rb4 60. Kf3 Rb3+ 61. Kf2 Ke7 62. Ra6 Rc3 63. Ra7+ Ke8 64. Ke2 Rb3 65. Kf2 Rd3 66. Ke2 Rd4 67. Ke3 Rb4 68. Kf3 Rb3+ 69. Kf2 Kf8 70. Ke2 Rc3 71. Kf2 Rc2+ 72. Kf3 Rc1 73. Ke3 Re1+ 74. Kf3 Rf1+ 75. Ke3 Re1+ 76. Kf3 Rf1+ 77. Ke3 Re1+ 1/2-1/2


[Site "https://www.chess.com"]

[Event "Titled Tuesday Blitz April 18 Early 2023"]
[White "Korobov, Anton"]
[Black "Daneshvar, Bardiya"]
[WhiteFideId "14105730"]
[BlackFideId "12576468"]
[WhiteElo "2638"]
[BlackElo "2468"]
[Result "1-0"]
[Round "05"]
[TimeControl "180+2"]
[Date "2023.04.18"]
[WhiteClock "0:00:50"]
[BlackClock "0:00:02"]

1. d4 Nf6 2. c4 e6 3. Nf3 d5 4. Nc3 Bb4 5. e3 O-O 6. Bd3 dxc4 7. Bxc4 c5 8. O-O Nc6 9. a3 Ba5 10. Qd3 h6 11. Rd1 cxd4 12. exd4 Ne7 13. Ne5 Bc7 14. Qh3 Nf5 15. Bf4 Qe7 16. g4 Nd6 17. Bd3 Nd5 18. Bg3 Nxc3 19. bxc3 Bd7 20. Re1 Bc6 21. Bh4 f6 22. Nxc6 bxc6 23. g5 fxg5 24. Rxe6 Qd7 25. Bg3 Rf6 26. Rae1 Raf8 27. Kg2 Rxe6 28. Qxe6+ Qxe6 29. Rxe6 Rf6 30. Re7 Bb6 31. Be5 Rf7 32. Bxd6 1-0


[Site "https://www.chess.com"]

[Event "Titled Tuesday Blitz April 18 Early 2023"]
[White "Movahed, Sina"]
[Black "Lazavik, Denis"]
[WhiteFideId "42520835"]
[BlackFideId "13515110"]
[WhiteElo "2225"]
[BlackElo "2560"]
[Result "0-1"]
[Round "05"]
[TimeControl "180+2"]
[Date "2023.04.18"]
[WhiteClock "0:01:07"]
[BlackClock "0:01:40"]

1. e4 c5 2. Nf3 e6 3. b3 a6 4. Bb2 Nc6 5. d4 cxd4 6. Nxd4 Qf6 7. c3 Bc5 8. Be2 Nge7 9. O-O Ng6 10. Qd2 Nf4 11. Bf3 Ne5 12. Be2 b5 13. a4 Bb7 14. axb5 Bxe4 15. Bc1 Qg5 0-1


[Site "https://www.chess.com"]

[Event "Titled Tuesday Blitz April 18 Early 2023"]
[White "Timofeev, Artyom"]
[Black "Ivanchuk, Vasyl"]
[WhiteFideId "4140419"]
[BlackFideId "14100010"]
[WhiteElo "2586"]
[BlackElo "2710"]
[Result "1-0"]
[Round "05"]
[TimeControl "180+2"]
[Date "2023.04.18"]
[WhiteClock "0:00:44"]
[BlackClock "0:00:08"]

1. e4 d5 2. exd5 Nf6 3. Nf3 Nxd5 4. d4 g6 5. c4 Nb6 6. h3 Bg7 7. Nc3 O-O 8. Be2 Nc6 9. Be3 e5 10. d5 Ne7 11. O-O f5 12. Qd2 e4 13. Nh2 Bd7 14. f3 Re8 15. fxe4 fxe4 16. Bg5 e3 17. Qc2 Bf5 18. Qb3 Qd6 19. Nb5 Qd7 20. Rad1 Be4 21. Ng4 Nf5 22. Rfe1 a6 23. Nc3 Nd4 24. Rxd4 Bxd4 25. Bf6 Bc5 26. Nh6+ Kf8 27. Rf1 1-0


[Site "https://www.chess.com"]

[Event "Titled Tuesday Blitz April 18 Early 2023"]
[White "Puranik, Abhimanyu"]
[Black "Mahdavi, Reza"]
[WhiteFideId "5061245"]
[BlackFideId "12595926"]
[WhiteElo "2477"]
[BlackElo "2357"]
[Result "0-1"]
[Round "05"]
[TimeControl "180+2"]
[Date "2023.04.18"]
[WhiteClock "0:00:06"]
[BlackClock "0:00:16"]

1. c4 Nf6 2. Nc3 g6 3. g3 Bg7 4. Bg2 O-O 5. d4 d6 6. Nf3 c6 7. O-O Qa5 8. e4 e5 9. h3 exd4 10. Nxd4 Nbd7 11. Qc2 Ne5 12. b3 Re8 13. Bd2 Qb6 14. Be3 Qa5 15. Rfe1 h6 16. Rab1 Kh7 17. f4 Ned7 18. b4 Qc7 19. Rbd1 a5 20. Ndb5 cxb5 21. Nxb5 Qb8 22. Nxd6 Rf8 23. e5 Ne8 24. b5 Nxd6 25. Rxd6 Nxe5 26. c5 Bf5 27. Qa4 Nd3 28. Re2 Re8 29. Qc4 Qc7 30. Rxd3 Bxd3 31. Qxd3 Rad8 32. Qc4 Rxe3 33. Rxe3 Bd4 34. Kf2 Bxc5 35. Kf1 Rd1+ 36. Ke2 Rg1 37. Bd5 Qd6 38. Re5 b6 39. Qd3 Kg7 40. h4 Qf6 41. h5 Bd6 42. Re3 Qb2+ 43. Qd2 Qb1 44. Qc3+ f6 45. Qd3 Qf1+ 46. Kd2 Bb4+ 47. Kc2 Qb1# 0-1


[Site "https://www.chess.com"]

[Event "Titled Tuesday Blitz April 18 Early 2023"]
[White "Naroditsky, Daniel"]
[Black "Demchenko, Anton"]
[WhiteFideId "2026961"]
[BlackFideId "4160258"]
[WhiteElo "2633"]
[BlackElo "2545"]
[Result "1/2-1/2"]
[Round "05"]
[TimeControl "180+2"]
[Date "2023.04.18"]
[WhiteClock "0:00:05"]
[BlackClock "0:00:11"]

1. d4 d5 2. Nc3 Nf6 3. Bf4 c5 4. e4 Nxe4 5. Nxe4 dxe4 6. dxc5 Qa5+ 7. c3 Qxc5 8. Qa4+ Nc6 9. Qxe4 Bf5 10. Qa4 Qa5 11. Qxa5 Nxa5 12. Nf3 a6 13. Nd4 Bd7 14. Be2 f6 15. Bc7 Nc6 16. Bf3 Rc8 17. Bb6 e5 18. Nb3 Be6 19. O-O-O Be7 20. Na5 Nxa5 21. Bxa5 Rb8 22. Bc7 Rc8 23. Bd6 b6 24. Bb7 Rd8 25. Bc7 Rxd1+ 26. Rxd1 Bc5 27. Rd2 a5 28. a3 Kf7 29. b4 axb4 30. axb4 Be7 31. Kb2 b5 32. f3 g5 33. Kb1 h5 34. Ba6 Bc4 35. Bb7 Ke6 36. Bc6 Kf7 37. Bd5+ Bxd5 38. Rxd5 Rc8 39. Ba5 Rxc3 40. Rxb5 g4 41. fxg4 hxg4 42. Rd5 Re3 43. b5 Ke6 44. Rd2 Rb3+ 45. Rb2 Rxb2+ 46. Kxb2 Kd5 47. Kc3 f5 48. Bc7 e4 49. b6 Bf6+ 50. Kd2 Kc6 51. Ke3 Bg5+ 52. Kd4 Bf6+ 53. Ke3 Bg5+ 54. Kd4 Bf6+ 55. Kc4 Bg7 56. h3 gxh3 57. gxh3 Bf6 58. Kb4 f4 59. Bxf4 Kxb6 60. Kc4 Kc6 61. Be3 Kd6 62. Bd4 Ke6 63. Bxf6 Kxf6 64. Kd4 Kg5 65. Kxe4 Kh4 66. Kf3 Kxh3 1/2-1/2


[Site "https://www.chess.com"]

[Event "Titled Tuesday Blitz April 18 Early 2023"]
[White "So, Wesley"]
[Black "Drygalov, Andrey"]
[WhiteFideId "5202213"]
[BlackFideId "24171735"]
[WhiteElo "2749"]
[BlackElo "2466"]
[Result "1/2-1/2"]
[Round "05"]
[TimeControl "180+2"]
[Date "2023.04.18"]
[WhiteClock "0:00:11"]
[BlackClock "0:00:03"]

1. e4 c5 2. Nf3 d6 3. Bb5+ Nd7 4. a4 a6 5. Bc4 Ngf6 6. d3 e6 7. a5 Be7 8. O-O O-O 9. Re1 b5 10. axb6 Nxb6 11. Bb3 a5 12. Nc3 Bb7 13. Na4 Bc6 14. Bd2 Nbd7 15. h3 Qc7 16. Nc3 Nb6 17. Na4 Nbd7 18. Bc3 Rfb8 19. e5 Bxf3 20. exd6 Bxd1 21. dxc7 Rxb3 22. cxb3 Bxb3 23. Bxa5 Rc8 24. Nc3 Ne8 25. Nb5 g6 26. Rec1 e5 27. Na7 Rxc7 28. Bxc7 Nxc7 29. Nc6 Bd6 30. Ra7 Nf6 31. Na5 Bd5 32. Nc4 Bxc4 33. dxc4 e4 34. Rd1 Be5 35. Rd8+ Kg7 36. Rc8 Ne6 37. Rc6 Kg8 38. Rc8+ Kg7 39. Rc6 Nf4 40. Rxc5 Bd4 41. Rcc7 Bxa7 42. Rxa7 Nd3 43. b3 Kf8 44. Kf1 Ke8 45. g3 Nd7 46. Rb7 N7c5 47. Rb8+ Kd7 48. b4 Ne6 49. Rb7+ Kc6 50. Rxf7 Nxb4 51. Rxh7 Kd6 52. h4 Nd3 53. Rh6 Ne5 54. Ke2 Ke7 55. Ke3 Ng4+ 56. Kxe4 Nxh6 57. Kf3 Kd6 58. g4 Kc5 59. Kg3 Kxc4 60. f4 Kd4 61. h5 gxh5 62. gxh5 Nf5+ 63. Kg4 Ke4 64. h6 Nxh6+ 65. Kh5 Nf5 66. Kg6 Ned4 67. Kf6 Kd5 68. Kg5 Ke6 69. Kg6 Nc6 70. Kg5 Nce7 71. Kg4 Kf6 72. Kf3 Ng6 73. Ke4 Ke6 74. Kd3 Kd5 75. Kc3 Nge7 76. Kd3 Nc6 77. Kc3 Ke4 78. Kc4 Nce7 79. Kc5 Nd5 80. Kc4 Nde3+ 81. Kc5 Kd3 82. Kb5 Kd4 83. Kb4 Nd5+ 84. Kb5 Nde7 85. Kb4 Nc6+ 86. Kb5 Kd5 87. Kb6 Ncd4 88. Kc7 Ke6 89. Kb7 Kd6 90. Kb6 Kd5 91. Kc7 Ke6 92. Kb7 Kd6 93. Kb6 Kd5 1/2-1/2


[Site "https://www.chess.com"]